 Dungeon Crawl Stone Soup version 0.30.1-9-gdf580d7c3d (webtiles) character file.

Game seed: 15471759415777274486

6797 zombieproer the Severer (level 10, -13/96 HPs)
             Began as a Minotaur Berserker on Oct 23, 2023.
             Was an Elder of Trog.
             Mangled by a blink frog (14 damage)
             ... on level 1 of the Lair of Beasts.
             The game lasted 00:22:14 (6917 turns).

zombieproer the Severer (Minotaur Berserker)        Turns: 6917, Time: 00:22:24

Health: -13/96     AC: 14    Str: 27    XL:     10   Next: 76%
Magic:  9/9        EV:  7    Int:  4    God:    Trog [****..]
Gold:   420        SH:  0    Dex:  9    Spells: 9/9 levels left

rFire   . . .        G - +1 battleaxe
rCold   . . .        (shield currently unavailable)
rNeg    . . .        K - +0 plate armour
rPois   .            (helmet restricted)
rElec   .            A - +0 cloak
rCorr   .            (no gloves)
SInv    .            l - +1 pair of boots
Will    .....        (no amulet) Stlth
                     (no ring)
HPRegen 0.36/turn    (no ring)
MPRegen 0.11/turn

%: no passive effects
@: lethally poisoned (-13 -> -15), on berserk cooldown, slowed, very slow
A: horns 2, retaliatory headbutt
a: Renounce Religion, Berserk, Trog's Hand, Brothers in Arms


You were on level 1 of the Lair of Beasts.
You worshipped Trog.
Trog was greatly pleased with you.
You visited 2 branches of the dungeon, and saw 9 of its levels.

You collected 420 gold pieces.

Inventory:

Hand Weapons
 a - a +0 hand axe
 d - a +1 dagger of holy wrath
 e - a +0 club
 p - a +1 war axe
 D - a +0 battleaxe
 G - a +1 battleaxe (weapon)
 H - a +0 short sword
 I - a +0 dagger
 J - a +0 giant club
Armour
 b - a +0 animal skin
 c - a +0 ring mail
 f - a +0 chain mail
 h - a +0 kite shield
 l - a +1 pair of boots (worn)
 r - a +3 leather armour of fire resistance
 t - a +1 helmet
 u - a +1 chain mail
 A - a +0 cloak (worn)
 K - a +0 plate armour (worn)
Jewellery
 v - an amulet of faith
Wands
 E - a wand of flame (14)
Scrolls
 g - 2 scrolls of enchant weapon
 i - 3 scrolls of identify
 n - a scroll of brand weapon
 o - a scroll of torment {unknown}
 q - a scroll of teleportation
 y - 3 scrolls of enchant armour
Potions
 j - 5 potions of brilliance
 k - a potion of lignification
 s - a potion of ambrosia
 x - a potion of degeneration
 z - a potion of flight
 C - a potion of cancellation
 F - a potion of mutation
 L - a potion of attraction {unknown}


   Skills:
 + Level 11.6 Fighting
 + Level 19.2 Axes
 - Level 2.8 Armour
 - Level 2.6 Dodging


You had 9 spell levels left.
You didn't know any spells.
Your spell library was empty.

Dungeon Overview and Level Annotations

Branches:
Dungeon (8/15)             Temple (0/1) D:5            Lair (1/5) D:8

Altars:
Qazlal
Ru
Trog

Shops:
D:7 ?

Annotations:
D:8 2 transporters


Innate Abilities, Weirdness & Mutations

You have a pair of horns on your head.
You reflexively headbutt those who attack you in melee.


Message History

You hit the blink frog.
The blink frog blinks!
The blink frog hits you but does no damage.
The blink frog blinks!
There are monsters nearby!
The blink frog blinks! x2
You feel better.
The blink frog hits you but does no damage.
Okay, then.
You slice the cane toad!!
The cane toad is heavily wounded.
You miss the blink frog.
The blink frog blinks!
The blink frog barely misses you. The cane toad stings you.
The blink frog hits you!
You closely miss the cane toad. Your headbutt misses the cane toad.
The cane toad is heavily wounded.
You miss the blink frog.
The blink frog hits you but does no damage.
The cane toad stings you!!
You are poisoned.
The cane toad poisons you!
The blink frog blinks!
The cane toad stings you but does no damage.
Blink to where?
Press: ? - help, Dir - move target
As you read the scroll of blinking, it crumbles to dust.
You feel very sick.
There are monsters nearby!
There are monsters nearby!
There are monsters nearby!
Okay, then.
You feel very sick.
You feel sick.
The blink frog hits you but does no damage.
You completely miss the blink frog. You headbutt the blink frog!
The blink frog is severely wounded.
You hit the cane toad.
You feel sick. The blink frog hits you.
* * * LOW HITPOINT WARNING * * *
The cane toad stings you!
* * * LOW HITPOINT WARNING * * *
The blink frog hits you!
You die...

### #. ..##..
##......
........
........
###...........
#..#..........
###..@F.........
#P...F..........
##..............
#...........##
#..[..F......##
#.............#
##............#
#..††........##
##.††/.........#


You could see a cane toad and 2 blink frogs.

Vanquished Creatures
  A two-headed ogre (D:6)
  Urug (Lair:1)
  Pikel (D:6)
  A cyclops (D:8)
  3 blink frogs (Lair:1)
  A shadow (D:7)
  3 yaks (Lair:1)
  Eustachio (D:6)
  2 wargs (D:8)
  2 water moccasins
  4 orc warriors (D:8)
  An ice beast (D:5)
  4 sky beasts
  A black bear (D:5)
  2 ogres
  A kobold brigand (D:8)
  A phantom (D:5)
  3 bullfrogs
  3 scorpions
  6 wights (D:7)
  4 killer bees (D:8)
  A gnoll bouda (D:5)
  3 hounds
  A jelly (D:6)
  7 orc priests
  4 iguanas (D:5)
  13 orc wizards
  7 adders
  2 ufetubi
  3 worms
  4 dart slugs
  64 orcs
  5 bats
  7 endoplasms
  2 giant cockroaches
  5 goblins
  6 hobgoblins
  6 jackals (D:1)
  5 quokkas
  9 ball pythons
  4 frilled lizards
  9 kobolds
  4 rats
217 creatures vanquished.

Notes
Turn   | Place    | Note
-------+----------+-------------------------------------------
     0 | D:1      | zombieproer the Minotaur Berserker began the quest for the
                  | Orb.
     0 | D:1      | Reached XP level 1. HP: 19/19 MP: 0/0
    79 | D:1      | Reached XP level 2. HP: 10/27 MP: 1/1
    81 | D:1      | Reached skill level 4 in Axes
   516 | D:1      | Reached ** piety under Trog
   517 | D:1      | Reached XP level 3. HP: 33/33 MP: 2/2
  1329 | D:2      | Found a faded altar of an unknown god.
  1808 | D:3      | Reached XP level 4. HP: 39/41 MP: 3/3
  1855 | D:3      | Reached skill level 5 in Axes
  2429 | D:4      | Reached XP level 5. HP: 38/47 MP: 4/4
  2874 | D:4      | Found a bloodstained altar of Trog.
  3096 | D:5      | Entered Level 5 of the Dungeon
  3107 | D:5      | Reached skill level 6 in Axes
  3187 | D:5      | Found a staircase to the Ecumenical Temple.
  3195 | D:5      | Reached skill level 5 in Fighting
  3209 | D:5      | Found a stormy altar of Qazlal.
  3210 | D:5      | Found a sacrificial altar of Ru.
  3235 | D:5      | Noticed a black bear
  3239 | D:5      | Reached *** piety under Trog
  3245 | D:5      | Killed a black bear
  3246 | D:5      | Reached skill level 7 in Axes
  3246 | D:5      | Reached XP level 6. HP: 48/56 MP: 5/5
  3959 | D:5      | Reached skill level 8 in Axes
  3995 | D:5      | Reached XP level 7. HP: 62/62 MP: 6/6
  4023 | D:5      | Reached skill level 9 in Axes
  4057 | D:5      | Identified a scroll of acquirement
  4057 | D:5      | Acquired a manual of Axes
  4452 | D:6      | Reached skill level 10 in Axes
  4560 | D:6      | Noticed Eustachio
  4570 | D:6      | Killed Eustachio
  4571 | D:6      | Reached skill level 11 in Axes
  4571 | D:6      | Reached XP level 8. HP: 73/73 MP: 7/7
  4612 | D:6      | Noticed Pikel
  4612 | D:6      | Noticed a two-headed ogre
  4628 | D:6      | Killed Pikel
  4629 | D:6      | Reached skill level 12 in Axes
  4635 | D:6      | Killed a two-headed ogre
  4636 | D:6      | Reached skill level 14 in Axes
  4636 | D:6      | Reached XP level 9. HP: 60/82 MP: 8/8
  4921 | D:6      | Reached skill level 15 in Axes
  5127 | D:7      | Identified the +6 mace "Uleadod" {freeze, Str+2 Dex+4}
  5153 | D:7      | Found Weumaxt's Magic Scroll Boutique.
  5168 | D:7      | Reached **** piety under Trog
  5191 | D:7      | Found a flagged portal.
  5307 | D:7      | Reached skill level 16 in Axes
  5472 | D:7      | Reached skill level 17 in Axes
  5810 | D:8      | Found a transporter.
  5810 | D:8      | Found a transporter.
  5822 | D:8      | Reached skill level 10 in Fighting
  5910 | D:8      | Reached XP level 10. HP: 78/93 MP: 9/9
  6211 | D:8      | Reached ***** piety under Trog
  6212 | D:8      | Reached skill level 18 in Axes
  6463 | D:8      | Noticed a cyclops
  6521 | D:8      | Killed a cyclops
  6776 | D:8      | Found a staircase to the Lair.
  6790 | Lair:1   | Entered Level 1 of the Lair of Beasts
  6790 | Lair:1   | Noticed Urug
  6811 | Lair:1   | Killed Urug
  6812 | Lair:1   | Reached skill level 19 in Axes
  6907 | Lair:1   | Noticed a cane toad
  6917 | Lair:1   | HP: 1/96 [cane toad (14)]
  6917 | Lair:1   | Mangled by a blink frog

Illustrated notes

Levels and vault maps discovered:
D:1:      saegor_arrival_fortress, layout_basic, minmay_hexomino_c4
D:2:      layout_loops_cross, shapermc_ecumenical_altar_starsandcircs,
          kennysheep_generic_room_11
D:3:      layout_loops_ring
D:4:      layout_loops_ring, lemuel_crystal_altar, minmay_tree_intersection
D:5:      layout_loops_ring, mainiacjoe_overflow_divided_tiny,
          minmay_temple_entry_proselytizer, hangedman_abyss_or_decor_stagger,
          wad_rectangle_vault
D:6:      layout_basic, uniq_eustachio, uniq_pikel
D:7:      minmay_general_purpose_star, layout_rooms, serial_shops,
          nicolae_shop_statue_plus, enter_bailey_2
D:8:      layout_loops_ring, pdpol_wu_jian_five_deadly_venoms,
          erik_lair_orcish_takeover, special_room [special_room_orc],
          nzn_ghost_randoct, minmay_stone_trees_small, uniq_erica
Lair:1:   layout_cave_shapes, uniq_urug

Skill      XL: |  1  2  3  4  5  6  7  8  9 10 |
---------------+-------------------------------+-----
Axes           | 4 5 7 8 11 14 17 19 | 19.2
Fighting       | 4 5 7 8 10 11 | 11.6
Armour         | |  2.8
Dodging        | |  2.6

Action                     |  1- 3 |  4- 6 |  7- 9 | 10-12 || total
---------------------------+-------+-------+-------+-------++-------
  Melee: Hand axe          |    70 |       |       |       ||    70
         Punch             |     2 |       |       |       ||     2
         Headbutt          |    10 |    16 |    34 |    11 ||    71
         War axe           |    13 |   107 |   132 |       ||   252
         Battleaxe         |       |       |    36 |    81 ||   117
 Invoke: Berserk           |     1 |     3 |     7 |     4 ||    15
         Trog's Hand       |       |       |       |     1 ||     1
         Brothers in Arms  |       |       |       |     1 ||     1
  Evoke: Wand              |       |       |       |     1 ||     1
    Use: Scroll            |       |       |    22 |     2 ||    24
         Potion            |       |       |     2 |    10 ||    12
 Armour: Animal skin       |     5 |       |       |       ||     5
         Ring mail         |    24 |    15 |       |       ||    39
         Chain mail        |       |    25 |    74 |    11 ||   110
         Plate armour      |       |       |       |    46 ||    46
  Dodge: Dodged            |    58 |    56 |    70 |    30 ||   214
